 Dungeon Crawl Stone Soup version 0.28-a0-1382-g92835e5c71 (webtiles) character file.

Game seed: 11610803037965600446

448 Deminshera the Sneak (level 7, -6/44 HPs)
             Began as a Kobold Brigand on Jan 1, 2022.
             Mangled by a hornet (15 damage)
             ... on level 5 of the Dungeon.
             The game lasted 00:07:05 (7201 turns).

Deminshera the Sneak (Kobold Brigand)               Turns: 7201, Time: 00:07:07

Health: -6/44      AC:  3    Str: 10    XL:     7   Next: 24%
Magic:  7/7        EV: 15    Int: 13    God:
Gold:   300        SH:  0    Dex: 16    Spells: 6/6 levels left

rFire   . . .      SeeInvis .   r - +1 short sword (drain)
rCold   . . .      Faith    .   (no shield)
rNeg    . . .      Spirit   .   b - +0 robe
rPois   .          Reflect  .   (no helmet)
rElec   .          Harm     .   c - +0 cloak
rCorr   .          Rampage  .   (no gloves)
Will    .....                   (no boots)
Stlth   +++++.....              (no amulet)
HPRegen 0.14/turn               (no ring)
MPRegen 0.10/turn               (no ring)

@: slowed, very slow
A: small, no large weapons, nightstalker 3
a: no special abilities


You were on level 5 of the Dungeon.
You visited 1 branch of the dungeon, and saw 5 of its levels.
You also visited: Sewer.

You collected 300 gold pieces.

Inventory:

Hand Weapons
 a - a +2 dagger
 r - a +1 short sword of draining (weapon)
Missiles
 d - 19 poisoned darts (quivered)
 e - 2 curare-tipped darts
Armour
 b - a +0 robe (worn)
 c - a +0 cloak (worn)
Jewellery
 i - a +6 ring of intelligence
 l - a +6 ring of strength
Wands
 f - a wand of digging (4)
 j - a wand of mindburst (9)
Scrolls
 g - 4 scrolls of teleportation
 h - a scroll of enchant armour
 o - 2 scrolls of magic mapping
 t - a scroll of identify
 v - a scroll of amnesia {unknown}
Potions
 k - 2 potions of berserk rage {unknown}
 m - a potion of cancellation {unknown}
 n - a potion of brilliance {unknown}
 p - a potion of curing
 s - 2 potions of magic {unknown}
 u - a potion of flight {unknown}
 w - a potion of attraction {unknown}


   Skills:
 + Level 4.5 Fighting
 - Level 5.0 Short Blades
 - Level 3.0 Throwing
 - Level 3.0 Dodging
 + Level 7.6 Stealth
 + Level 1.3 Evocations


You had 6 spell levels left.
You didn't know any spells.
Your spell library contained the following spells:

 Spells                   Type           Power      Damage    Failure   Level
 Slow                     Hex            0%         N/A       30%         1
 Confusing Touch          Hex            0%         N/A       67%         3
 Vampiric Draining        Necr           0%         2d6       67%         3


Dungeon Overview and Level Annotations

Branches:
Dungeon (5/15)              Sewer (visited)
 Temple: D:4-7

Altars:
Hepliaklqana
Nemelex Xobeh
Okawaru
Sif Muna

Shops:
D:2 !

Annotations:
D:5 2 transporters


Innate Abilities, Weirdness & Mutations

You are small and have problems with some larger weapons.
You are completely attuned to the shadows.


Message History

Aim: a hornet (heavily wounded, chance to affect: 62%)
The hornet resists with significant effort.
Aiming: Mindburst
Press: ? - help, Shift-Dir - straight line, f/p - hornet
Aim: a hornet (heavily wounded, chance to affect: 62%)
The hornet resists with significant effort.
The hornet barely misses you.
Aiming: Mindburst
Press: ? - help, Shift-Dir - straight line, f/p - hornet
Aim: a hornet (heavily wounded, chance to affect: 62%)
The hornet resists with significant effort.
The hornet stings you!
You feel yourself slow down. The hornet misses you.
Aiming: Mindburst
Press: ? - help, Shift-Dir - straight line, f/p - hornet
Aim: a hornet (heavily wounded, chance to affect: 62%)
The hornet resists with significant effort.
The hornet stings you!
You feel as though you will be slow longer.
The hornet stings you but does no damage.
Aiming: Mindburst
Press: ? - help, Shift-Dir - straight line, f/p - hornet
Aim: a hornet (heavily wounded, chance to affect: 62%)
The hornet resists with significant effort.
The hornet stings you.
* * * LOW HITPOINT WARNING * * *
You feel as though you will be slow longer.
The hornet closely misses you.
Aiming: Mindburst
Press: ? - help, Shift-Dir - straight line, f/p - hornet
Aim: a hornet (heavily wounded, chance to affect: 62%)
The hornet resists with significant effort.
The hornet misses you. The hornet closely misses you.
Okay, then.
As you read the scroll of fear, it crumbles to dust.
You assume a fearsome visage.
The hornet resists with some effort.
The hornet misses you. The hornet stings you.
* * * LOW HITPOINT WARNING * * *
You feel as though you will be slow longer.
The hornet stings you!
You die...

...... ......
...... ...... ....
...... ##..# .#
..... .#...##.#
...... ....y...#
....... #@....
.......
#.^..##...........
#.................
#.##..............
#.##..............
#.##..(.........##
#.##....###....###
#.##....#©##..##..
#.##....#..#..#.K#


You could see a hornet.

Vanquished Creatures
  A scorpion (D:4)
  A howler monkey (D:4)
  An orc priest (D:3)
  2 centaur skeletons
  2 hounds (D:5)
  6 river rats (Sewer)
  4 adders
  An ufetubus (D:4)
  4 worms
  3 dart slugs (D:1)
  4 orcs (D:3)
  4 ball pythons
  9 bats
  4 endoplasms
  A giant cockroach (D:2)
  5 goblins
  10 hobgoblins
  4 jackals
  6 quokkas
  7 frilled lizards
  10 kobolds
  9 rats
98 creatures vanquished.

Vanquished Creatures (others)
  3 plants (Sewer)
3 creatures vanquished.

Grand Total: 101 creatures vanquished

Notes
Turn   | Place    | Note
-------+----------+-------------------------------------------
     0 | D:1      | Deminshera the Kobold Brigand began the quest for the Orb.
     0 | D:1      | Reached XP level 1. HP: 12/12 MP: 1/1
   158 | D:1      | Reached XP level 2. HP: 18/18 MP: 2/2
   164 | D:1      | Found a faded altar of an unknown god.
   428 | D:1      | Reached XP level 3. HP: 20/22 MP: 3/3
  1390 | D:2      | Found Kuirgh's Distillery.
  1843 | D:2      | Reached XP level 4. HP: 27/27 MP: 4/4
  2524 | D:3      | Found an iron altar of Okawaru.
  2860 | D:3      | Reached skill level 6 in Stealth
  2860 | D:3      | Reached XP level 5. HP: 32/32 MP: 5/5
  3003 | D:3      | Found a faded altar of an unknown god.
  3006 | D:3      | Found a faded altar of an unknown god.
  3006 | D:3      | Found a faded altar of an unknown god.
  3008 | D:3      | Found a hazy altar of Hepliaklqana.
  3436 | D:4      | Found a glowing drain.
  3448 | Sewer    | Entered a sewer
  3469 | Sewer    | Reached XP level 6. HP: 31/37 MP: 6/6
  3927 | Sewer    | HP: 1/37 [river rat (8)]
  6032 | D:4      | Reached skill level 5 in Short Blades
  6032 | D:4      | Reached skill level 7 in Stealth
  6233 | D:4      | Found a sparkling altar of Nemelex Xobeh.
  6315 | D:4      | Found a shimmering blue altar of Sif Muna.
  6515 | D:5      | Entered Level 5 of the Dungeon
  6627 | D:5      | Reached XP level 7. HP: 44/44 MP: 7/7
  6642 | D:5      | Reached skill level 1 in Evocations
  6691 | D:5      | Found a transporter.
  6710 | D:5      | Found a transporter.
  6711 | D:5      | Noticed a hornet
  6716 | D:5      | Paralysed by a hornet for 3 turns
  6720 | D:5      | HP: 2/44 [poisoned by a hornet]
  7201 | D:5      | Mangled by a hornet

Illustrated notes

Levels and vault maps discovered:
D:1:      dpeg_arrival_court, layout_loops_ring, ebering_ecumenical_altar_box
D:2:      layout_basic, serial_shops, nicolae_shop_window_shopping,
          serial_glass, glass_columns_a, glass_columns_a, glass_columns_a,
          glass_columns_b, glass_columns_c, glass_columns_c
D:3:      layout_basic, nicolae_hepliaklqana_ecumenical_no_more,
          mainiacjoe_overflow_alcove_4
D:4:      layout_rooms, nemelex_diamond_rough_becter, led_sif_book,
          cheibrodos_sewer_entry_bend
D:5:      layout_rooms, gammafunk_ghost_abyssal_escape

Skill      XL: |  1  2  3  4  5  6  7 |
---------------+----------------------+-----
Short Blades   | 3 4 5 |  5.0
Dodging        | 2 3 |  3.0
Fighting       | 3 4 |  4.5
Throwing       | 3 |  3.0
Stealth        | 6 7 |  7.6
Evocations     | 1 |  1.3

Action                   |  1- 3 |  4- 6 |  7- 9 || total
-------------------------+-------+-------+-------++-------
Melee: Dagger            |    73 |   152 |       ||   225
       Short sword       |       |    76 |    10 ||    86
Throw: Dart              |     6 |     1 |       ||     7
Evoke: Wand              |       |     1 |     7 ||     8
  Use: Scroll            |       |     5 |     2 ||     7
       Potion            |       |       |     2 ||     2
 Stab: Sleeping          |    17 |    24 |     1 ||    42
       Distracted        |       |     1 |       ||     1
Armor: Robe              |    20 |    23 |     3 ||    46
Dodge: Dodged            |    48 |   136 |    15 ||   199

Table legend: (Time is in decaauts)
 A = Elapsed time spent in this place.
 B = Non-inter-level travel time spent in this place.
 C = Inter-level travel time spent in this place.
 D = Time resting spent in this place.
 E = Time spent auto-exploring this place.
 F = Levels seen in this place.
 G = Mean time per level.
                   A        B        C        D        E       F      G
               +--------+--------+--------+--------+--------+-----+--------+
         Total |   7277 |   7138 |    139 |   2966 |   3318 |   6 | 1212.8 |
       Dungeon |   5192 |   5053 |    139 |   1540 |   2874 |   5 | 1038.4 |
         Sewer |   2085 |   2085 |      0 |   1426 |    443 |   1 | 2085.0 |
               +--------+--------+--------+--------+--------+-----+--------+

Top non-repeatable levels by time:
   Sewer: 2085 daAuts
     D:4: 1399 daAuts
     D:2: 1314 daAuts
     D:3: 944 daAuts
     D:1: 844 daAuts
     D:5: 689 daAuts
